 Dungeon Crawl Stone Soup version 0.21.1-1-g345015f (webtiles) character file.

160 sking99 the Grasshopper (level 5, -3/48 HPs)
             Began as a Naga Warper on June 21, 2018.
             Killed by divine providence
             ... invoked by an orc priest
              (15 damage)
             ... on level 3 of the Dungeon.
             The game lasted 00:17:58 (3410 turns).

sking99 the Grasshopper (Naga Warper)               Turns: 3410, Time: 00:17:59

Health: -3/48      AC:  3    Str: 14    XL:     5   Next: 41%
Magic:  7/8        EV:  9    Int: 14    God:
Gold:   165        SH:  0    Dex: 10    Spells: 5/9 levels left

rFire    . . .     SeeInvis +   a - +0 falchion
rCold    . . .     Gourm    .   (no shield)
rNeg     . . .     Faith    .   b - +0 leather armour
rPois    +         Spirit   .   (no helmet)
rElec    .         Reflect  .   (no cloak)
rCorr    .         Harm     .   (no gloves)
MR       .....                  (no barding)
Stlth    ++........             (no amulet)
HPRegen  0.16/turn              (no ring)
MPRegen  0.11/turn              (no ring)

@: very slow
A: large, see invisible, deformed body, poison resistance, slowness 2, slow
metabolism 1, spit poison 1, AC +1
a: Spit Poison


You were on level 3 of the Dungeon.
You were not hungry.

You visited 1 branch of the dungeon, and saw 3 of its levels.

You collected 165 gold pieces.

Inventory:

Hand Weapons
 a - a +0 falchion (weapon)
Missiles
 e - 4 tomahawks of dispersal (quivered)
Armour
 b - a +0 leather armour (worn)
 j - a +2 cloak
Jewellery
 k - an uncursed ring of positive energy {unknown}
 m - an uncursed amulet of regeneration {unknown}
 p - an uncursed ring of resist corrosion {unknown}
Scrolls
 d - 2 scrolls of blinking
 f - a scroll of enchant weapon {unknown}
 i - 6 scrolls of identify {unknown}
 l - 4 scrolls of fear {unknown}
 o - 2 scrolls of amnesia {unknown}
 r - 2 scrolls of enchant armour {unknown}
 s - 2 scrolls of teleportation {unknown}
Potions
 g - 4 potions of curing
 h - 2 potions of agility {unknown}
 n - a potion of haste {unknown}
 q - a potion of mutation {unknown}
 t - a potion of lignification {unknown}
Books
 c - a book of Spatial Translocations

   Spells                             Type                      Level
   a - Blink                          Translocation                2
   b - Shroud of Golubria             Charms/Translocation         2
   c - Lesser Beckoning               Translocation                3
   d - Gell's Gravitas                Translocation                3
   e - Teleport Other                 Translocation                3
   f - Passage of Golubria            Translocation                4
Comestibles
 u - 3 rations


   Skills:
 + Level 2.8 Fighting
 * Level 3.5 Long Blades
 - Level 0.9 Throwing
 - Level 0.7 Armour
 - Level 1.5 Dodging
 + Level 2.7 Stealth
 + Level 2.6 Spellcasting
 + Level 3.6 Translocations


You had 5 spell levels left.
You knew the following spells:

 Your Spells              Type           Power        Failure   Level  Hunger
a - Blink                 Tloc           N/A          10%         2    ###....
b - Shroud of Golubria    Chrm/Tloc      #.........   21%         2    ###....


Dungeon Overview and Level Annotations

Branches:
Dungeon (3/15)

Altars:
Makhleb
Nemelex Xobeh
Okawaru
Uskayaw
The Shining One

Annotations:
D:2 exclusion: downstairs
D:3 tidbits's ghost, weakling GnSk


Innate Abilities, Weirdness & Mutations

You cannot wear boots.
Your serpentine skin is tough. (AC +1)
You have supernaturally acute eyesight. (SInv)
Armour fits poorly on your strangely shaped body.
Your system is resistant to poisons. (rPois)
You cover ground very slowly.
You have a slow metabolism.
You can spit poison.


Message History

You hit the orc wizard.
You kill the orc wizard!
You slash the kobold!
You kill the kobold!
The orc priest invokes the aid of Beogh against you.
Pain shoots through your body!
* * * LOW HITPOINT WARNING * * *
Your shroud bends the orc priest's attack away.
Items here: ))))) [[ †† You barely miss the orc priest.
The orc priest hits you with a hand axe!
* * * LOW HITPOINT WARNING * * *
You hit the orc priest.
The orc priest is moderately wounded.
Your shroud unravels.
The orc priest hits you but does no damage.
It was a potion of curing.
You feel better.
The orc priest mumbles some strange prayers to Beogh against you.
Beogh smites you!
You die...

#.# #.### #.##. ## #####
#.#.( #. #...# #.#.. . #.
#...# #.#.. ... #. #...#
#.#.#
.....#.########...###.#..
.......o@(....'...'....<.
##.#.#.########...###.#..
..$......(....# #.###
#.#.##########.###....
#.#o #..###### # #.
##.###### #( #..#...# #o
###'#...# #)......#


You could see an orc priest.

Vanquished Creatures
  An orc priest (D:3)
  An orc wizard (D:3)
  3 adders (D:2)
  An ooze (D:1)
  3 dart slugs
  2 orcs (D:3)
  7 bats
  A giant cockroach (D:1)
  11 goblins
  5 hobgoblins
  4 jackals (D:2)
  12 kobolds
  A quokka (D:2)
  2 ball pythons
  4 frilled lizards
  9 rats
67 creatures vanquished.

Notes
Turn   | Place    | Note
-------+----------+-------------------------------------------
     0 | D:1      | sking99 the Naga Warper began the quest for the Orb.
     0 | D:1      | Reached XP level 1. HP: 19/19 MP: 3/3
   322 | D:1      | Reached XP level 2. HP: 17/26 MP: 5/5
   326 | D:1      | Learned a level 2 spell: Blink
   329 | D:1      | Learned a level 2 spell: Shroud of Golubria
   562 | D:1      | Reached skill level 1 in Stealth
   870 | D:1      | Reached XP level 3. HP: 32/33 MP: 4/6
  1261 | D:2      | Reached XP level 4. HP: 23/40 MP: 7/7
  1841 | D:2      | Found a sparkling altar of Nemelex Xobeh.
  1859 | D:2      | Found a burning altar of Makhleb.
  1860 | D:2      | Found a glowing golden altar of the Shining One.
  1860 | D:2      | Found a hide-covered altar of Uskayaw.
  1862 | D:2      | Found an iron altar of Okawaru.
  2255 | D:2      | Found a glowing golden altar of the Shining One.
  2313 | D:3      | Noticed tidbits's ghost (weakling GnSk)
  2912 | D:3      | HP: 2/40 [tidbits's ghost (8)]
  3378 | D:3      | Reached XP level 5. HP: 25/46 MP: 8/8
  3408 | D:3      | HP: 2/48 [orc priest/hand axe (7)]
  3410 | D:3      | Killed from afar by an orc priest

Skill      XL: |  1  2  3  4 |
---------------+-------------+-----
Stealth        | 1 2 |  2.7
Long Blades    | 3 |  3.5
Fighting       | |  2.8
Throwing       | |  0.9
Armour         | |  0.7
Dodging        | |  1.5
Spellcasting   | |  2.6
Translocations | |  3.6

Action                   |  1- 3 |  4- 6 || total
-------------------------+-------+-------++-------
Melee: Falchion          |    94 |   115 ||   209
Throw: Tomahawk          |     1 |       ||     1
 Cast: Shroud of Golubri |     3 |     6 ||     9
 Abil: Spit Poison       |    10 |    11 ||    21
  Use: Potion            |       |     1 ||     1
 Stab: Sleeping          |       |     1 ||     1
  Eat: Chunk             |     1 |     1 ||     2
       Ration            |       |     2 ||     2
Armor: Leather armour    |    29 |    24 ||    53
Dodge: Dodged            |    69 |    61 ||   130
       Rpst.: Falchion   |    23 |    20 ||    43
